[Event "*** Titled Tuesday Blitz"]
[Site "Chess.com"]
[Date "2019.03.05"]
[Round "2"]
[White "b_6"]
[Black "calemcc"]
[Result "1-0"]
[WhiteElo "2404"]
[BlackElo "2236"]
[TimeControl "180+2"]
[EndTime "13:24:43 PST"]
[Termination "b_6 won by resignation"]

1. d4 d5 2. Bf4 Nf6 3. e3 c5 4. c3 Nc6 5. Nd2 Bg4 6. Qb3 Qb6 7. dxc5 Qxb3 8. axb3 e5 9. Bg3 Bxc5 10. h3 Bh5 11.
Ngf3 Bd6 12. Bb5 Nd7 13. Nd4 exd4 14. Bxd6 dxe3 15. fxe3 Nf6 16. O-O Kd7 17. Be5 Ke6 18.
Bh2 Ne5 19. Rae1 a6 20. Be2 Bxe2 21. Rxe2 Nc6 22. e4 d4 23. Nf3 Rad8 24. e5 d3 25.
Ng5+ Kd5 26. Rd2 Nxe5 27. Bxe5 Kxe5 28. Nxf7+ Ke4 29. Re1+ Kf5 30. Nxh8 Ne4 31. Rdd1 d2 32.
Rf1+ Ke6 33. Nf7 Rd5 34. Rf4 Ng3 35. Kf2 Nh5 36. Rf3 Nf6 37. Nh8 Re5 38. Re3 Ne4+ 39. Kf3 Ng5+ 40. Ke2 Ne4 41. b4 Kd5 42. Rd3+ Kc4 43.
Re3 Kb3 44. Rxd2 Ng3+ 45. Kd3 Rxe3+ 46. Kxe3 Nf1+ 47. Ke2 Nxd2 48. Kxd2 Kxb2 49. Nf7 Kb3 50. Ng5 b6 51. Nxh7 a5 52. bxa5 bxa5 53. Kc1 a4 54. Kb1 Kxc3 55. Ng5 Kd3 56. Ne6 Ke3 57. Nxg7 Kf4 58.
Ka2 Kg3 59. Nf5+ Kxg2 60. h4 Kf3 61. h5 Ke4 62. h6 Kxf5 63. h7 1-0

[Event "*** Titled Tuesday Blitz"]
[Site "Chess.com"]
[Date "2019.03.05"]
[Round "2"]
[White "RitvarsReimanis"]
[Black "TBergh98"]
[Result "0-1"]
[WhiteElo "2511"]
[BlackElo "2355"]
[TimeControl "180+2"]
[EndTime "13:24:44 PST"]
[Termination "TBergh98 won on time"]

1. d4 d6 2. Nf3 Nf6 3. b3 g6 4.
Bb2 Bg7 5. Nbd2 O-O 6. a4 c6 7. g3 Bg4 8. Bg2 Qc8 9. h3 Bf5 10. g4 Bd7 11. a5 Na6 12. Nc4 Nb4 13. Qd2 Nbd5 14. e3 Ne4 15. Qd3 f5 16. g5 Nb4 17.
Qe2 Qc7 18. h4 b5 19. axb6 axb6 20. O-O b5 21. Na3 Be6 22. Nd2 Bd5 23. Nxe4 Bxe4 24.
f3 Bd5 25. c4 bxc4 26. bxc4 Bf7 27. Bc3 Rfb8 28. f4 Ra7 29. Rfb1 Na6 30. Nc2 Rba8 31. Ba5 Qd7 32. Bb6 Rb7 33. c5 Rbb8 34.
Rxa6 Rxa6 35. Qxa6 dxc5 36. dxc5 Qd2 37. Qa4 e5 38. Rf1 exf4 39. exf4 Bd5 40. Bxd5+ Qxd5 41. Nb4 Qd4+ 42. Kg2 Qe4+ 43. Kg1 Bd4+ 44. Kh2 Qe2+ 45. Kg3 Qxf1 46. Nxc6 Qf2+ 47. Kh3 Qf3+ 48. Kh2 Qxf4+ 49. Kh3 Qg4+ 50. Kh2 Be5+ 51. Kh1 Qxa4 0-1

[Event "*** Titled Tuesday Blitz"]
[Site "Chess.com"]
[Date "2019.03.05"]
[Round "2"]
[White "Sanan_Sjugirov"]
[Black "vovachesss"]
[Result "1-0"]
[WhiteElo "2904"]
[BlackElo "2599"]
[TimeControl "180+2"]
[EndTime "13:24:45 PST"]
[Termination "Sanan_Sjugirov won by resignation"]

1. d4 Nf6 2. c4 e6 3. Nf3 Bb4+ 4.
Bd2 Qe7 5. g3 O-O 6. Nc3 b6 7. Bg2 Bb7 8. O-O d5 9. cxd5 Bxc3 10.
bxc3 Bxd5 11. Qc1 c5 12. c4 Be4 13. dxc5 Qxc5 14. Be3 Qe7 15. c5 Rc8 16. Qa3 Nbd7 17. Rac1 Nxc5 18. Rfd1 h6 19. Ne5 Bxg2 20. Kxg2 Qb7+ 21.
f3 Ncd7 22. Qe7 Nc5 23. Bxc5 Qxe7 24. Bxe7 Nd5 25. Rxc8+ Rxc8 26. Rxd5 exd5 27. Kf2 Rc2 28. a3 a5 29. Bd8 Ra2 30. Be7 Rc2 31. h4 b5 32. Nd3 f6 33. Bd8 b4 34. axb4 a4 35.
b5 a3 36. Bb6 Rb2 37. Bc5 a2 38. Nxb2 a1=Q 39. Nd3 Kf7 40. b6 Qb1 41. Be3 g5 42. hxg5 f5 43. gxh6 Kg6 44. Ne5+ Kh7 45. Nd7 Qb4 46. b7 Qxb7 47. Nf8+ Kg8 48. h7+ Qxh7 49. Nxh7 Kxh7 50. Bf4 Kg6 51. Ke3 Kf7 52. Kd4 Ke6 53. e3 1-0

[Event "*** Titled Tuesday Blitz"]
[Site "Chess.com"]
[Date "2019.03.05"]
[Round "2"]
[White "sergoy"]
[Black "Shahinyan_ChessMood"]
[Result "1-0"]
[WhiteElo "2839"]
[BlackElo "2631"]
[TimeControl "180+2"]
[EndTime "13:24:50 PST"]
[Termination "sergoy won on time"]

1. d4 e6 2. c4 f5 3. Nf3 Nf6 4. Nc3 d5 5. Bf4 c6 6. e3 Be7 7.
Qc2 O-O 8. Bd3 Ne4 9. g4 a6 10. gxf5 exf5 11. O-O-O b5 12. c5 Be6 13. Ne2 Nd7 14.
Rdf1 a5 15. h4 a4 16. Ne5 Nxe5 17. Bxe5 b4 18. f3 b3 19. axb3 axb3 20. Qxb3 Nf6 21.
Rhg1 Kh8 22. Nf4 Qd7 23. h5 Rf7 24. Kc2 Qc8 25. Ra1 Rxa1 26. Rxa1 Nd7 27. Bd6 Bxd6 28. cxd6 c5 29. Nxe6 c4 30. Qc3 cxd3+ 31. Kd2 Qb8 32. Nc7 Nb6 33. b3 h6 34. Qc6 Kh7 35. Kxd3 Nc4 36.
Qb5 Nb2+ 37. Kc3 Qd8 38. Kxb2 Qxd6 39. Nxd5 Qh2+ 40. Kc3 Rf8 41. Qc6 Qf2 42. Ra7 Qe1+ 43. Kb2 Qd2+ 44. Qc2 1-0

[Event "*** Titled Tuesday Blitz"]
[Site "Chess.com"]
[Date "2019.03.05"]
[Round "2"]
[White "Dyadya81"]
[Black "AvitalBor"]
[Result "1-0"]
[WhiteElo "2773"]
[BlackElo "2634"]
[TimeControl "180+2"]
[EndTime "13:24:50 PST"]
[Termination "Dyadya81 won by checkmate"]

1. e4 c6 2. d4 d5 3. e5 c5 4.
dxc5 e6 5. Nf3 Bxc5 6. Bd3 Nc6 7. O-O f6 8. c4 fxe5 9. cxd5 exd5 10. Nxe5 Nxe5 11.
Re1 Qf6 12. Qh5+ Kf8 13. Qxe5 Bxf2+ 14. Kh1 Bxe1 15. Qxe1 Ne7 16. Nc3 Kf7 17. Qg3 Bf5 18. Bg5 Qg6 19. Rf1 Rhf8 20. Nxd5 Nxd5 21. Rxf5+ Kg8 22.
Rxd5 Qf7 23. Rf5 Qxa2 24. h4 Qxb2 25. Rb5 Qd4 26. Rxb7 Kh8 27. Be3 Qc3 28. Rc7 Qa1+ 29. Kh2 Rae8 30. Bd2 Rc8 31. Bc3 Qxc3 32. Rxc3 Rxc3 33.
Qd6 Rfc8 34. Qe6 Rd8 35. Be4 Rc5 36. Qe7 Rcc8 37. Qxa7 Re8 38. Bf3 Rc4 39. Qf2 Rf4 40.
h5 Ref8 41. Qg3 R4f6 42. Bg4 g6 43. h6 g5 44. Qe5 Kg8 45. Be6+ Kh8 46. Qxg5 Rg6 47.
Qe5+ Rgf6 48. Bh3 Kg8 49. Qd5+ Kh8 50. Qe5 Kg8 51. Qg5+ Kh8 52. Qg7# 1-0

[Event "*** Titled Tuesday Blitz"]
[Site "Chess.com"]
[Date "2019.03.05"]
[Round "2"]
[White "PocketPivot"]
[Black "MikaelyanArman"]
[Result "0-1"]
[WhiteElo "2480"]
[BlackElo "2726"]
[TimeControl "180+2"]
[EndTime "13:24:50 PST"]
[Termination "MikaelyanArman won by resignation"]

1. c4 c5 2. g3 Nc6 3. Bg2 g6 4. Nc3 Bg7 5. a3 d6 6. Rb1 a5 7. d3 Nf6 8. Nf3 O-O 9. O-O e5 10. Bg5 h6 11. Bxf6 Bxf6 12. Ne1 Bg7 13. Nc2 f5 14. b4 e4 15. Nd5 axb4 16. axb4 exd3 17. Qxd3 Ne5 18. Qb3 b5 19. cxb5 c4 20. Qe3 Ra2 21. Rfc1 Bb7 22. Qb6 Qxb6 23. Nxb6 Be4 24. Bxe4 fxe4 25.
Nd5 Ng4 26. Nce3 Nxe3 27. Nxe3 c3 28. Rc2 Rb2 29. Rd1 Be5 30. b6 Rb8 31. Rcc1 Rxb4 32. Nd5 Rb3 33. Rc2 Kf7 34. Rdc1 Rc8 35. Kg2 Ke6 36.
Ne3 Rxb6 37. Nd1 Rbc6 38. e3 d5 39. Kf1 Kf5 40. Ke2 Kg4 41. h4 Rc4 42. Ra1 Rb8 43. Ra5 Rb2 44. Ra2 Rxa2 0-1

[Event "*** Titled Tuesday Blitz"]
[Site "Chess.com"]
[Date "2019.03.05"]
[Round "2"]
[White "mouseWLZ"]
[Black "slowdgehammer"]
[Result "1-0"]
[WhiteElo "2469"]
[BlackElo "2349"]
[TimeControl "180+2"]
[EndTime "13:24:51 PST"]
[Termination "mouseWLZ won by resignation"]

1. d4 Nf6 2. Nf3 e6 3. c4 d5 4.
g3 a6 5. Bg2 dxc4 6. O-O b5 7.
Ne5 Nd5 8. a4 Bb7 9. e4 Nb6 10.
axb5 axb5 11. Rxa8 Bxa8 12. Nc3 c6 13. Qh5 g6 14.
Qf3 f6 15. Ng4 Bg7 16. Bh6 O-O 17. Bxg7 Kxg7 18. Qe3 N8d7 19. Ra1 Bb7 20. h4 Qe7 21. Ra7 Rb8 22. e5 f5 23. Qh6+ Kg8 24. Nf6+ Nxf6 25. exf6 Qxf6 26. Bxc6 Qg7 27. Qxg7+ Kxg7 28. Nxb5 Kf6 29.
Rxb7 Rxb7 30. Bxb7 Na4 31. Nc3 Nxb2 32. f4 h6 33. Kf1 g5 34. Ba6 gxh4 35. gxh4 Nd3 36. Ne2 Nb2 37. h5 Ke7 38. Ke1 Kd6 39. Kd2 Kd5 40.
Bb7+ Kd6 41. Kc3 Nd1+ 42. Kxc4 Ne3+ 43. Kd3 Nd1 44. Bf3 Nf2+ 45. Kc4 Nd1 46. Kb3 Ne3 47. Kc3 Nd1+ 48. Kd2 Nb2 49. Nc3 Nc4+ 50. Kd3 Nb6 51. Nb5+ Ke7 52. Kc3 Kd7 53. Kb4 Nc8 54. Kc5 Ne7 55. d5 exd5 56. Bxd5 Nc8 57. Kd4 Nb6 58. Ke5 1-0

[Event "*** Titled Tuesday Blitz"]
[Site "Chess.com"]
[Date "2019.03.05"]
[Round "2"]
[White "Gabrielian_Artur"]
[Black "TheBigBoss04"]
[Result "1-0"]
[WhiteElo "2735"]
[BlackElo "2554"]
[TimeControl "180+2"]
[EndTime "13:24:53 PST"]
[Termination "Gabrielian_Artur won by checkmate"]

1. e4 c5 2. Nc3 a6 3. g3 b5 4.
Bg2 Bb7 5. Nge2 e6 6. O-O b4 7.
Na4 d5 8. exd5 Bxd5 9. Bxd5 exd5 10. d4 c4 11. Re1 Be7 12. Nf4 Nf6 13. Qe2 Ra7 14. b3 c3 15. a3 O-O 16. axb4 Bxb4 17. Nd3 Re7 18. Be3 Nc6 19. Nxb4 Nxb4 20. Nxc3 Qc8 21. Qd2 Rc7 22. Nb5 Nxc2 23. Nxc7 Nxe1 24. Qxe1 Qxc7 25. Rxa6 Qb7 26. Ra3 h6 27. b4 Rb8 28.
Rb3 Qc6 29. Rb1 Ne4 30. f3 Nd6 31. Bf4 Re8 32. Qc1 Nc4 33. b5 Qb6 34. Qc3 Re2 35. g4 Ra2 36. Qd3 Qf6 37. Re1 Ra8 38. Bg3 g6 39. Kg2 Ra2+ 40. Kh3 Ra3 41. Qe2 Rxf3 42.
b6 h5 43. b7 hxg4+ 44. Kg2 Rb3 45. b8=Q+ Rxb8 46. Bxb8 Qb6 47. Qe8+ Kg7 48. Be5+ f6 49.
Qe7+ Kh6 50. Qxf6 Qb2+ 51. Qf2 Qc3 52. Qh4# 1-0

[Event "*** Titled Tuesday Blitz"]
[Site "Chess.com"]
[Date "2019.03.05"]
[Round "2"]
[White "witcher8"]
[Black "PotapovaM"]
[Result "1/2-1/2"]
[WhiteElo "2381"]
[BlackElo "2412"]
[TimeControl "180+2"]
[EndTime "13:24:56 PST"]
[Termination "Game drawn by repetition"]

1. e4 c5 2. Nf3 d6 3. d4 cxd4 4. Nxd4 Nf6 5. Nc3 a6 6. Be3 e5 7. Nb3 Be6 8. f3 Be7 9. Qd2 O-O 10. O-O-O Nbd7 11. g4 b5 12. g5 b4 13. gxf6 bxc3 14. Qxc3 Nxf6 15. Na5 Rc8 16. Nc6 Qd7 17. Nxe7+ Qxe7 18. Qa5 Rc6 19. Kb1 Rfc8 20. b3 Rc3 21. Bd3 d5 22. Rhg1 d4 23. Bc1 Nd7 24. f4 exf4 25. Bb2 Qc5 26. Bxc3 dxc3 27. Qxc5 Nxc5 28. h4 Bd7 29. Bxa6 Re8 30. Rd5 Nxa6 31. Rxd7 Nc5 32. Rd4 Nxe4 33. Kc1 f5 34. Rd7 Ng3 35. Kb1 h6 36. a4 g5 37. hxg5 hxg5 38. Rc7 g4 39. a5 Ne2 40. Rd1 g3 41. Rdd7 f3 42. Rg7+ Kh8 43. Rh7+ Kg8 44. Rhg7+ Kh8 45. Rgf7 g2 46. Rh7+ Kg8 47. Rhg7+ Kh8 48. Rh7+ Kg8 49. Rhg7+ Kh8 50. Rh7+ Kg8 51. Rhg7+ 1/2-1/2

[Event "*** Titled Tuesday Blitz"]
[Site "Chess.com"]
[Date "2019.03.05"]
[Round "2"]
[White "zeitnot2006"]
[Black "SamCopeland"]
[Result "1-0"]
[WhiteElo "2098"]
[BlackElo "2024"]
[TimeControl "180+2"]
[EndTime "13:24:56 PST"]
[Termination "zeitnot2006 won by resignation"]

1. c4 f5 2. b3 Nf6 3. Bb2 d6 4. e3 e5 5. d3 g6 6. h4 Bg7 7. h5 Nxh5 8. Rxh5 gxh5 9. Qxh5+ Kf8 10. Nf3 Qf6 11. Nc3 c6 12. Nd1 Be6 13. d4 Qg6 14.
Qh2 Nd7 15. dxe5 d5 16. cxd5 Bxd5 17. Be2 Re8 18. Nc3 Bxf3 19. gxf3 Nxe5 20. Rd1 Bf6 21. Ba3+ Kg7 22. f4 Ng4 23. Bxg4 Bxc3+ 24. Kf1 Qxg4 25. Rd7+ Kf6 26. Qh6+ Qg6 27. Rd6+ Re6 28. Qh4+ Kf7 29. Rd7+ Kg8 30. Qd8+ Re8 31. Qc7 Bf6 32. Qxb7 h5 33.
Qxc6 Rh7 34. Qd5+ Rf7 35. Rd6 Kg7 36. Bb2 Bxb2 37. Rxg6+ Kxg6 38. Qc6+ Bf6 39. Qg2+ Kh6 40. Qh3 Kg6 41. Ke2 Rg7 42. Qg2+ Kf7 43. Qh3 h4 44. Qxf5 Rh8 45. Qh3 Rg1 46. Kf3 Ra1 47. e4 Rxa2 48. Qd7+ Be7 49. Qf5+ Ke8 50. Qc8+ Bd8 51.
Qe6+ Be7 52. f5 Rc2 53. f6 Rc7 54. fxe7 Rxe7 55. Qc8+ Kf7 56. Qxh8 1-0

[Event "*** Titled Tuesday Blitz"]
[Site "Chess.com"]
[Date "2019.03.05"]
[Round "2"]
[White "MishkaFighter"]
[Black "checkmatequen"]
[Result "1-0"]
[WhiteElo "2306"]
[BlackElo "2116"]
[TimeControl "180+2"]
[EndTime "13:24:59 PST"]
[Termination "MishkaFighter won by resignation"]

1. Nf3 d5 2. g3 Nf6 3. Bg2 c5 4. O-O Nc6 5. d4 e6 6. c4 Be7 7. cxd5 exd5 8. Nc3 Be6 9. b3 h6 10. Bb2 O-O 11. dxc5 Bxc5 12. Rc1 Be7 13. Nb5 a6 14. Nbd4 Rc8 15. Nxc6 bxc6 16. Nd4 c5 17. Nxe6 fxe6 18. Qd3 Qb6 19. Qg6 d4 20. e3 e5 21.
exd4 cxd4 22. Rce1 Bd6 23. Bc1 Kh8 24. Bh3 Rc7 25.
Bf5 Qc6 26. h4 Qe8 27. Bd2 Qxg6 28. Bxg6 Rfc8 29. Bd3 Re8 30. Rc1 Rxc1 31. Rxc1 e4 32. Bxa6 Ra8 33. Rc6 Be5 34. a4 Ng4 35. Be2 e3 36.
fxe3 dxe3 37. Be1 Nf6 38. a5 Bd4 39. a6 Ba7 40. b4 Kg8 41. b5 Nd7 42. Rc7 Nb6 43.
Bc3 Kf8 44. Rxg7 Nd5 45. Be5 Re8 46. Rxa7 Rxe5 47. Rb7 Re8 48. a7 Nc3 49. Bc4 e2 50. Bxe2 Nxe2+ 51. Kf2 Nc3 52. Rb8 Ne4+ 53. Ke3 Nd6+ 54.
Rxe8+ 1-0

[Event "*** Titled Tuesday Blitz"]
[Site "Chess.com"]
[Date "2019.03.05"]
[Round "2"]
[White "SantoBlue"]
[Black "731291"]
[Result "1-0"]
[WhiteElo "2710"]
[BlackElo "2676"]
[TimeControl "180+2"]
[EndTime "13:25:00 PST"]
[Termination "SantoBlue won by checkmate"]

1. e4 e6 2. d4 d5 3. Nd2 Be7 4. Ngf3 Nf6 5. Bd3 c5 6. dxc5 dxe4 7. Nxe4 Nxe4 8. Bxe4 Qxd1+ 9. Kxd1 Bxc5 10. Ke2 Nd7 11. c3 Nf6 12. Bd3 b6 13. Ne5 Bb7 14. f3 O-O 15. Bg5 h6 16. Bxf6 gxf6 17. Nd7 Rfd8 18. Nxf6+ Kg7 19. Ne4 Be7 20. Rhd1 h5 21. Nf2 f5 22. a4 a5 23. Bc4 Kf6 24. Rxd8 Rxd8 25.
Rd1 Rg8 26. Rd7 Bc6 27. Rc7 Bxa4 28. g3 h4 29. Rb7 hxg3 30. hxg3 Rxg3 31. Rxb6 Bd7 32.
Ra6 a4 33. Nd3 Rg2+ 34. Kf1 Rd2 35. Nf4 Rd6 36. Ra7 Bd8 37. Nd3 Bb6 38. Rb7 Be3 39.
Ke2 f4 40. Bb5 Bxb5 41. Rxb5 Ra6 42. Nb4 Ra8 43. Nc2 Bg1 44. Rb4 e5 45. Na3 Rh8 46. Nc4 Rh2+ 47. Kd3 Rf2 48. Rxa4 Rxf3+ 49. Ke4 Rf1 50.
Ra6+ Kg5 51. Nxe5 Re1+ 52. Kd5 Rd1+ 53. Ke4 Re1+ 54. Kd5 Rd1+ 55. Kc4 Kf5 56. Nf3 Be3 57. b4 Ke4 58. Ng5+ Kf5 59. Nf3 Ke4 60. Nh4 Rh1 61. Re6# 1-0

[Event "*** Titled Tuesday Blitz"]
[Site "Chess.com"]
[Date "2019.03.05"]
[Round "2"]
[White "DanielNaroditsky"]
[Black "cherryandmint"]
[Result "1-0"]
[WhiteElo "2991"]
[BlackElo "2617"]
[TimeControl "180+2"]
[EndTime "13:25:05 PST"]
[Termination "DanielNaroditsky won by resignation"]

1. d4 d5 2. Nc3 Nf6 3. Bf4 Bf5 4. f3 e6 5. g4 Bg6 6. h4 h6 7. h5 Bh7 8. e3 Bd6 9. Nh3 c5 10.
Bd3 Bxd3 11. Qxd3 Nc6 12. dxc5 Bxc5 13. a3 e5 14. Bg3 Qb6 15. Bh4 O-O-O 16. Bxf6 gxf6 17.
Nxd5 Qxb2 18. O-O Bxe3+ 19. Qxe3 Rxd5 20. Nf2 Qd4 21. Qe2 Rhd8 22. Rad1 Qc5 23. Rxd5 Rxd5 24. Kg2 Nd4 25. Qe3 Nxc2 26. Qxc5+ Rxc5 27. Kg3 f5 28. g5 f4+ 29. Kh4 hxg5+ 30. Kxg5 e4+ 31. Kxf4 e3 32. Nd3 Rxh5 33. Rc1 Rh4+ 34. Kg3 Rc4 35. a4 a5 36. Ne1 Na3 37. Ra1 Rc3 38. f4 Nc4 39. Kf3 Nb6 40.
Ke2 f5 41. Nd3 Nd5 42. Ra2 Kc7 43. Rb2 b6 44. Rb5 Rc2+ 45. Ke1 Nc3 46. Re5 e2 47. Rxf5 Ra2 48. Re5 Ra1+ 49. Kd2 Nxa4 50. Kxe2 Ra2+ 51. Ke3 Ra3 52. Kd4 Nc3 53. f5 Nb5+ 54. Rxb5 Kc6 55. Rb1 Ra4+ 56. Ke5 Ra3 57. Rd1 Kd7 58. f6 Ke8 59.
Ke6 Rc3 60. Ne5 1-0

[Event "*** Titled Tuesday Blitz"]
[Site "Chess.com"]
[Date "2019.03.05"]
[Round "2"]
[White "wenx95"]
[Black "murmah2003"]
[Result "1-0"]
[WhiteElo "2480"]
[BlackElo "2530"]
[TimeControl "180+2"]
[EndTime "13:25:07 PST"]
[Termination "wenx95 won by resignation"]

1. c4 Nf6 2. g3 g6 3. Bg2 Bg7 4. Nc3 O-O 5. e4 d6 6. Nge2 e5 7. O-O Nc6 8. d3 Nd7 9. Be3 Nc5 10. d4 exd4 11. Nxd4 Ne5 12. b3 Ng4 13. Bf4 c6 14.
Qd2 Qe7 15. Rad1 Rd8 16. Nc2 Ne5 17. f3 Be6 18. Nd4 a5 19. Nxe6 Qxe6 20. Bg5 f6 21. Bh6 Bxh6 22. Qxh6 a4 23. Bh3 Qf7 24. f4 Ned3 25. Nxa4 Nb4 26. e5 Nxa4 27. bxa4 dxe5 28. fxe5 Rxd1 29. Rxd1 f5 30. Bf1 Re8 31. Qd2 Na6 32.
Qd7 Re7 33. Qc8+ Kg7 34. Qd8 Rxe5 35. Rd7 Nc5 36. Rxf7+ Kxf7 37. Qc7+ Re7 38. Qd6 Ne4 39.
Qd4 Ke6 40. c5 Rd7 41. Bc4+ Ke7 42. Qe5+ Kd8 43. Be6 Rd1+ 44. Kg2 Rd2+ 45. Kf1 Rxh2 46. Qb8+ Ke7 47. Qxb7+ Kxe6 48. Qxc6+ Ke5 49. Qc7+ Kd4 50. a5 Rxa2 51. c6 g5 52. Qb6+ Kd3 53. Qb3+ Nc3 54.
Qxa2 1-0

[Event "*** Titled Tuesday Blitz"]
[Site "Chess.com"]
[Date "2019.03.05"]
[Round "2"]
[White "riconaipe"]
[Black "r31415"]
[Result "1-0"]
[WhiteElo "2434"]
[BlackElo "2355"]
[TimeControl "180+2"]
[EndTime "13:25:08 PST"]
[Termination "riconaipe won by resignation"]

1. d4 d6 2. c4 f5 3. Nc3 Nf6 4. g3 g6 5. Bg2 Bg7 6. Nh3 O-O 7. O-O c6 8. d5 e5 9. dxe6 Bxe6 10. Bf4 Bxc4 11. Bxd6 Re8 12. Rc1 Na6 13. Re1 Qd7 14.
e4 fxe4 15. Ng5 e3 16. fxe3 Rad8 17. Ba3 Qf5 18. Qa4 Qxg5 19. Qxc4+ Kh8 20. Qf4 Bh6 21. Bd6 Ng4 22. Qxg5 Bxg5 23. Bf4 Bf6 24. Ne4 Bg7 25. Nd6 Re7 26. Bg5 Bf6 27. Bxf6+ Nxf6 28. Nc4 Nb4 29. Rcd1 Red7 30. Rxd7 Rxd7 31. a3 Nbd5 32. e4 Nb6 33. e5 Nfd5 34. e6 Re7 35. Nd6 Kg7 36. Bh3 h5 37. Rf1 Nf6 38. Re1 Nbd5 39. Nc4 g5 40. Bf5 Ne8 41. h3 Kf6 42. g4 hxg4 43. hxg4 Ng7 44. Rf1 Nxf5 45. gxf5 Nf4 46. Nd6 Ke5 47.
Nc8 Re8 48. Re1+ Kf6 49. e7 Nd5 50. Kf2 Nxe7 51. Nd6 Rd8 52. Re6+ Kg7 53. Rxe7+ Kh6 1-0

[Event "*** Titled Tuesday Blitz"]
[Site "Chess.com"]
[Date "2019.03.05"]
[Round "2"]
[White "ALEXJR20"]
[Black "XiaoKangZhong"]
[Result "1-0"]
[WhiteElo "2187"]
[BlackElo "2093"]
[TimeControl "180+2"]
[EndTime "13:25:08 PST"]
[Termination "ALEXJR20 won by checkmate"]

1. Nf3 Nf6 2. g3 g6 3. Bg2 Bg7 4. O-O O-O 5. d3 d5 6. Nbd2 b6 7. e4 dxe4 8. dxe4 Bb7 9. Qe2 c5 10. Re1 Nc6 11. c3 e5 12. Nc4 Ba6 13. Bg5 Qe7 14.
Nfd2 Qe6 15. Bxf6 Bxf6 16. Bf1 Na5 17. b3 Nxc4 18. Nxc4 b5 19. Ne3 Bg7 20. Nd5 Rac8 21. a4 c4 22. axb5 Bxb5 23. Rxa7 Kh8 24. Qe3 Rfd8 25.
Re7 Qc6 26. Rxf7 cxb3 27. Ne7 Qe8 28. Rxg7 Kxg7 29. Nxc8 Rxc8 30. Qa7+ Qd7 31. Qxd7+ Bxd7 32. c4 Rb8 33. Rb1 b2 34. Bd3 Be6 35. Kf1 Rb3 36. Ke2 Kf6 37. Kd2 Rb4 38. Kc3 Rb8 39. Rxb2 Ra8 40. Rb6 Ke7 41. c5 Ra3+ 42. Kd2 Ra2+ 43. Ke3 Ra3 44. Rb2 Bc4 45. Rd2 Rc3 46. Ke2 Bxd3+ 47. Rxd3 Rxc5 48. Ke3 Ke6 49. h3 h5 50. f4 Ra5 51. fxe5 Kxe5 52. Rd5+ Rxd5 53. exd5 Kxd5 54. Kf4 Ke6 55. Kg5 Kf7 56. Kh6 Kf6 57. g4 h4 58. Kh7 Kg5 59. Kg7 Kf4 60. Kxg6 Kg3 61. Kh5 Kxh3 62. g5 Kg3 63. g6 h3 64. g7 h2 65. g8=Q+ Kf2 66. Qa8 Kg1 67. Qa7+ Kg2 68. Qa2+ Kg1 69. Qb1+ Kg2 70. Qc2+ Kg1 71. Qd1+ Kg2 72.
Qe2+ Kg1 73. Kg4 h1=Q 74. Kg3 Qh4+ 75. Kxh4 Kh1 76. Kh3 Kg1 77. Qg2# 1-0

[Event "*** Titled Tuesday Blitz"]
[Site "Chess.com"]
[Date "2019.03.05"]
[Round "2"]
[White "Jospem"]
[Black "kenta1234"]
[Result "0-1"]
[WhiteElo "2869"]
[BlackElo "2603"]
[TimeControl "180+2"]
[EndTime "13:25:09 PST"]
[Termination "kenta1234 won by checkmate"]

1. c4 Nf6 2. g3 g6 3. Bg2 Bg7 4. Nf3 O-O 5. O-O d6 6. d4 Nc6 7. Nc3 a6 8. Bf4 Rb8 9. Rc1 Bd7 10. a3 b5 11. cxb5 axb5 12. b4 e6 13. e4 Na7 14.
e5 Ne8 15. Bg5 f6 16. exf6 Nxf6 17. Re1 Nc8 18. Ne4 Nb6 19. Nxf6+ Bxf6 20. Bh6 Re8 21. h4 Bg7 22. Bg5 Bf6 23. Qd3 Nd5 24. Bh6 Bg7 25.
Bd2 Qf6 26. Bg5 Qf5 27. Qd2 Ra8 28. Qb2 Ra7 29. Nd2 Rea8 30. Be4 Qg4 31. Nb1 Rf8 32. Qd2 Qh3 33. Bg2 Qf5 34. Nc3 Nb6 35. Be4 Qf7 36. Nb1 Nc4 37. Qe2 Bxd4 38. Rf1 d5 39. Bd3 e5 40. Rcd1 c6 41. Kh2 Nxa3 42. Nd2 Nc4 43. Nb3 Bb6 44. Nc5 Bf5 45. Bxc4 bxc4 46. Qxe5 Bc7 47.
Qd4 Ra3 48. Rde1 Bd6 49. Bh6 Rb8 50. Bf4 Bxf4 51. Qxf4 Rf8 52. Qd6 Ra2 53. Re7 Qf6 54. Qxf6 Rxf6 55. Kg1 Bh3 56. Re8+ Kg7 57. Re7+ Kh6 58.
Nd7 Rf5 59. Rfe1 Rfxf2 60. R1e5 Rf1# 0-1

[Event "*** Titled Tuesday Blitz"]
[Site "Chess.com"]
[Date "2019.03.05"]
[Round "2"]
[White "jocmil"]
[Black "shrek4life02"]
[Result "1/2-1/2"]
[WhiteElo "2421"]
[BlackElo "2367"]
[TimeControl "180+2"]
[EndTime "13:25:14 PST"]
[Termination "Game drawn - insufficient material"]

1. e4 g6 2. d4 Bg7 3. h4 Nf6 4. e5 Nd5 5. h5 c6 6. h6 Bf8 7. c4 Nc7 8. Nc3 d6 9. exd6 exd6 10.
Be3 Be6 11. d5 cxd5 12. cxd5 Bf5 13. g4 Bd7 14. Qd4 Rg8 15. Ne4 Be7 16. Qg7 Rf8 17. Qxh7 Nxd5 18. Qg7 Nxe3 19. fxe3 Qa5+ 20. Nc3 Qe5 21.
Qxe5 dxe5 22. h7 Rh8 23. Nd5 Bd8 24. Nf3 Nc6 25. g5 Ba5+ 26. Kf2 O-O-O 27. Nf6 Bf5 28. Bc4 e4 29. Nd4 Nxd4 30. exd4 Bb6 31. Bb3 Bxd4+ 32. Ke2 Bxb2 33. Rac1+ Kb8 34. Bxf7 e3 35. Kxe3 Rd3+ 36. Kf4 Rd4+ 37. Ke3 Rd3+ 38. Kf4 Rd4+ 39. Kf3 Rd3+ 40. Ke2 Rhd8 41. h8=Q Rd2+ 42. Ke1 Bxc1 43. Nd5 Rxd5 44.
Bxd5 Rxh8 45. Rxh8+ Kc7 46. Rh7+ Kd6 47. Bxb7 Bxg5 48. Bf3 Be3 49. Ke2 Bb6 50. Rh6 Kc5 51.
a4 Kb4 52. Bc6 g5 53. Kf3 Kc5 54. Be4 Bxe4+ 55. Kxe4 Kb4 56. Rh5 Bd8 57. Rh8 Bb6 58.
Rg8 Kxa4 59. Rxg5 Kb3 60. Kd3 Kb4 61. Kc2 a6 62. Rg6 Kb5 63. Kb3 a5 64. Rg5+ Bc5 65.
Kc3 a4 66. Rf5 a3 67. Kb3 Kb6 68. Kc4 Be7 69. Rf2 Ka5 70. Kb3 Kb5 71. Rf5+ Bc5 72. Re5 Kb6 73. Rxc5 Kxc5 74. Kxa3 1/2-1/2

[Event "*** Titled Tuesday Blitz"]
[Site "Chess.com"]
[Date "2019.03.05"]
[Round "2"]
[White "Blagorod"]
[Black "STAYFlow"]
[Result "0-1"]
[WhiteElo "2135"]
[BlackElo "2247"]
[TimeControl "180+2"]
[EndTime "13:25:14 PST"]
[Termination "STAYFlow won by resignation"]

1. e4 e5 2. Nf3 Nc6 3. Bb5 a6 4. Ba4 Nf6 5. O-O Be7 6. d3 b5 7. Bb3 d6 8. a4 Bd7 9. Nc3 Na5 10. Ba2 bxa4 11. d4 exd4 12. Nxd4 O-O 13. Qf3 Nc6 14.
Nf5 Ne5 15. Qg3 Bxf5 16. exf5 Kh8 17. Nxa4 Qd7 18. Nc3 Qxf5 19. h3 Rab8 20. Bb3 c6 21.
Rxa6 d5 22. Bf4 Nh5 23. Qe3 Qxf4 24. Qxf4 Nxf4 25. Re1 Bf6 26. g3 Nxh3+ 27. Kg2 Nxf2 28. Kxf2 Ng4+ 29. Kf3 Bxc3 30. bxc3 Nf6 31. Rxc6 Rbc8 32. Rd6 Rxc3+ 33. Kg2 Rc5 34. Ra6 h6 35. Ra7 Ne4 36.
Bxd5 Rxc2+ 37. Kf3 Ng5+ 38. Kf4 Rd8 39. Bxf7 Rf8 40. Ree7 Rf2+ 41. Kg4 R2xf7 42. Rxf7 Rxf7 43. Ra8+ Kh7 44. Kh4 Nf3+ 45. Kg4 Ne5+ 46. Kh3 h5 47. Kh4 Kh6 48. Ra6+ g6 49. Kh3 Ng4 50. Ra5 Rc7 51. Ra2 Rc3 52. Rb2 Nf6 53. Rb6 Ne4 54. Kh4 Rxg3 55.
Rxg6+ Rxg6 0-1

[Event "*** Titled Tuesday Blitz"]
[Site "Chess.com"]
[Date "2019.03.05"]
[Round "2"]
[White "SanchezKelvin"]
[Black "Jbd735"]
[Result "0-1"]
[WhiteElo "2519"]
[BlackElo "2479"]
[TimeControl "180+2"]
[EndTime "13:25:15 PST"]
[Termination "Jbd735 won on time"]

1. d4 d5 2. c4 c6 3. Nf3 e6 4.
Bg5 Qb6 5. Qc2 dxc4 6. Nbd2 Qa5 7. Qxc4 Nf6 8. Qc2 Be7 9. e3 O-O 10. Bd3 h6 11. h4 c5 12. Bxf6 Bxf6 13. g4 Be7 14. g5 h5 15. g6 f6 16. a3 Nc6 17. dxc5 Nb4 18. Qb1 Nxd3+ 19. Qxd3 Qxc5 20. Qd4 Qxd4 21. Nxd4 e5 22. Nb5 Bf5 23. O-O Bxg6 24. Nc7 Rac8 25. Nd5 Bd8 26. e4 Rc2 27. Rfd1 Rxb2 28.
Nc4 Re2 29. f3 Bf7 30. Nd6 Bxd5 31. Rxd5 Bb6+ 32. Kh1 Bd4 33. Rb1 b6 34. Nb5 Bc5 35. Nxa7 Ra8 36. Nb5 Rc8 37. Nd6 Bxd6 38. Rxd6 Rcc2 39.
Rdxb6 Rh2+ 40. Kg1 Rcg2+ 41. Kf1 Ra2 42. Kg1 Rxh4 43.
R6b3 Rh3 44. Rd1 Rg3+ 45. Kh1 h4 46. Rbd3 Kh7 47. Rd7 Rxf3 48. R1d3 Rxd3 49. Rxd3 g5 50. Rf3 Kg6 51. Rh3 Re2 52. a4 Ra2 0-1

[Event "*** Titled Tuesday Blitz"]
[Site "Chess.com"]
[Date "2019.03.05"]
[Round "2"]
[White "UCantHandleDenker"]
[Black "vinniethepooh"]
[Result "1-0"]
[WhiteElo "2532"]
[BlackElo "2481"]
[TimeControl "180+2"]
[EndTime "13:25:15 PST"]
[Termination "UCantHandleDenker won by checkmate"]

1. Nf3 d5 2. g3 Nf6 3. Bg2 g6 4. O-O Bg7 5. d3 O-O 6. Nbd2 c5 7. e4 Nc6 8. Re1 e5 9. exd5 Nxd5 10. a3 Re8 11. Rb1 Bg4 12. h3 Be6 13. Ne4 b6 14. c4 Nde7 15. b4 cxb4 16. axb4 Rc8 17. b5 Nd4 18. Nxd4 Qxd4 19. Bb2 Qd7 20. Ng5 Bf5 21.
g4 Bxd3 22. Ra1 Red8 23. Ra3 Bxc4 24. Qa1 Rc7 25. Bxe5 Bxe5 26. Qxe5 Qd6 27. Qa1 Bxb5 28. Ne4 Qd4 29. Rxa7 Qxa1 30. Rexa1 Rxa7 31. Rxa7 Rd1+ 32. Kh2 Nd5 33. Nd6 Bf1 34. Nxf7 Nf4 35. Nh6+ Kh8 36. Bxf1 Rxf1 37. Kg3 Ne2+ 38. Kf3 Nd4+ 39. Ke3 Rd1 40.
g5 Nf5+ 41. Nxf5 gxf5 42. Rb7 Rd6 43. Kf4 Rd2 44. f3 Rb2 45. Kxf5 Rb3 46. f4 Rb4 47. h4 b5 48. h5 Kg8 49. h6 Kh8 50. Rb8# 1-0